 Dungeon Crawl Stone Soup version 0.21.1-1-g345015f (webtiles) character file.

113 Fang the Chopper (level 4, -2/29 HPs)
             Began as a Gargoyle Berserker on May 25, 2018.
             Was a Believer of Trog.
             Slain by an orc
             ... wielding a +0 trident
              (6 damage)
             ... on level 3 of the Dungeon.
             The game lasted 00:02:15 (2348 turns).

Fang the Chopper (Gargoyle Berserker)               Turns: 2348, Time: 00:02:15

Health: -2/29      AC:  5    Str: 21    XL:     4   Next: 96%
Magic:  4/4        EV: 12    Int:  8    God:    Trog [**....]
Gold:   159        SH:  0    Dex:  9    Spells: 3/3 levels left

rFire    . . .     SeeInvis .   a - +0 hand axe
rCold    . . .     Gourm    .   (no shield)
rNeg     + + .     Faith    .   b - +0 animal skin
rPois    ∞         Spirit   .   (no helmet)
rElec    +         Reflect  .   (no cloak)
rCorr    .         Harm     .   (no gloves)
MR       .....                  (no boots)
Stlth    +.........             f - amulet of inaccuracy (curse)
HPRegen  0.09/turn              e - ring of positive energy
MPRegen  0.09/turn              (no ring)

@: berserk cooldown, slowed, very slow
A: negative energy resistance 1, electricity resistance, unbreathing,
petrification resistance, rot immunity, AC +3
a: Berserk, Trog's Hand, Burn Spellbooks, Renounce Religion


You were on level 3 of the Dungeon.
You worshipped Trog.
Trog was pleased with you.
You were near starving.

You visited 1 branch of the dungeon, and saw 3 of its levels.

You collected 159 gold pieces.

Inventory:

Hand Weapons
 a - a +0 hand axe (weapon)
Armour
 b - a +0 animal skin (worn)
Jewellery
 e - a ring of positive energy (left hand)
 f - a cursed amulet of inaccuracy (around neck)
Scrolls
 g - 3 scrolls of identify {unknown}
 h - 2 scrolls of teleportation {unknown}
 j - a scroll of noise {unknown}
 k - 2 scrolls of remove curse {unknown}
 l - a scroll of fear {unknown}
 n - 3 scrolls of immolation {unknown}
Potions
 d - a potion of flight {unknown}
 m - a potion of mutation {unknown}
 o - a potion of curing {unknown}
 p - a potion of berserk rage {unknown}
Comestibles
 c - 4 rations


   Skills:
 + Level 3.9 Fighting
 + Level 4.1 Axes
 + Level 2.4 Armour
 + Level 2.0 Dodging
 + Level 1.0 Stealth


You had 3 spell levels left.
You didn't know any spells.

Dungeon Overview and Level Annotations

Branches:
Dungeon (3/15)

Altars:
Fedhas


Innate Abilities, Weirdness & Mutations

You are resistant to torment.
Your stone body is resilient. (AC +3)
You are immune to poison.
You resist negative energy. (rN+)
You are resistant to electric shocks. (rElec)
You can survive without breathing.
You are immune to petrification.
You are immune to rotting.


Message History

Trog accepts your kill.
You slash the orc!
You kill the orc!
Trog accepts your kill.
You are no longer berserk.
You are exhausted.
You feel yourself slow down.
Found 34 bolts.
Items here: )) [ † a whip; a flail; a chain mail; an orc corpse The orc hits you from afar with a trident.
* * * LOW HITPOINT WARNING * * *
The orc misses you. The orc closely misses you. The orc barely misses you.
Found a stone staircase leading up.
The orc misses you.
Unknown command.
You hear the slow rusting of a very distant drain.
The orc hits you with a trident.
You die...

.####.## ...##..>
##.#.##### #.......).
......#### ############
#..#......
.<.........####.....####
##.####....))).....#####
.......@o..####..#......
.###(###....†.......####
# #.######.##### #.# #.#
..# #.######## ##.#
#......... #.#
########## .#


You could see an orc.

Vanquished Creatures
  An orc priest (D:3)
  2 adders (D:2)
  A worm (D:2)
  A dart slug (D:2)
  2 leopard geckos (D:1)
  2 orcs (D:3)
  2 ball pythons
  7 bats
  2 giant cockroaches
  3 goblins
  8 hobgoblins
  4 jackals (D:2)
  6 frilled lizards
  5 kobolds
  10 rats
56 creatures vanquished.

Notes
Turn   | Place    | Note
-------+----------+-------------------------------------------
     0 | D:1      | Fang the Gargoyle Berserker began the quest for the Orb.
     0 | D:1      | Reached XP level 1. HP: 14/14 MP: 1/1
    91 | D:1      | You fall through a shaft!
   165 | D:2      | Reached XP level 2. HP: 13/19 MP: 2/2
   279 | D:2      | Reached skill level 3 in Axes
   554 | D:2      | Reached XP level 3. HP: 23/23 MP: 3/3
   937 | D:2      | Found a blossoming altar of Fedhas.
  1495 | D:1      | Reached ** piety under Trog
  1701 | D:1      | Reached XP level 4. HP: 21/29 MP: 4/4
  2333 | D:3      | Reached skill level 4 in Axes
  2333 | D:3      | Reached skill level 1 in Stealth
  2348 | D:3      | Slain by an orc

Skill      XL: |  1  2  3  4 |
---------------+-------------+-----
Axes           | 3 4 |  4.1
Dodging        | 2 |  2.0
Stealth        | 1 |  1.0
Fighting       | |  3.9
Armour         | |  2.4

Action                   |  1- 3 |  4- 6 || total
-------------------------+-------+-------++-------
Melee: Hand axe          |   148 |    82 ||   230
Invok: Berserk           |     1 |     1 ||     2
       Burn Spellbooks   |       |     1 ||     1
 Stab: Sleeping          |     2 |     1 ||     3
  Eat: Chunk             |     3 |     2 ||     5
Armor: Animal skin       |    45 |    38 ||    83
Dodge: Dodged            |    85 |    51 ||   136
